 Dungeon Crawl Stone Soup version 0.20.1-1-g8b1a95d66d (webtiles) character file.

44 Gargoyl the Skirmisher (level 3, 0/31 HPs)
             Began as a Centaur Abyssal Knight on Dec 19, 2017.
             Was a Follower of Lugonu.
             Slain by Natasha (5 damage)
             ... on level 2 of the Dungeon.
             The game lasted 00:02:24 (888 turns).

Gargoyl the Skirmisher (Centaur Abyssal Knight)      Turns: 888, Time: 00:02:24

Health: 0/31       AC:  7    Str: 19    XL:     3   Next: 41%
Magic:  4/4        EV:  7    Int: 11    God:    Lugonu [*.....]
Gold:   31         SH:  2    Dex:  9    Spells: 2/2 levels left

rFire    . . .     SeeInvis .   a - +1 hand axe
rCold    . . .     Gourm    .   h - +0 buckler
rNeg     + . .     Faith    .   o - +0 ring mail
rPois    .         Spirit   .   (no helmet)
rElec    .         Reflect  .   (no cloak)
rCorr    .         Harm     .   d - +0 pair of gloves
MR       .....                  (no barding)
Stlth    ..........             (no amulet)
Regen    0.1/turn               i - ring of positive energy
MPRegen  0.1/turn               (no ring)

@: mighty, flying, very quick
A: hooves 3, deformed body, speed 2, tough skin 3
a: Depart the Abyss, Renounce Religion


You were on level 2 of the Dungeon.
You worshipped Lugonu.
Lugonu was aware of your devotion.
You were not hungry.

You visited 1 branch of the dungeon, and saw 2 of its levels.
You visited the Abyss 1 time.

You collected 31 gold pieces.

Inventory:

Hand Weapons
 a - a +1 hand axe (weapon)
Armour
 d - a +0 pair of gloves (worn)
 h - a +0 buckler (worn)
 o - a +0 ring mail (worn)
Jewellery
 i - a ring of positive energy (left hand)
Scrolls
 g - a scroll of blinking
 j - 4 scrolls of identify
 m - a scroll of remove curse
 r - a scroll of recharging {unknown}
Potions
 f - a potion of heal wounds {unknown}
 l - a potion of invisibility {unknown}
 p - a potion of agility {unknown}
Comestibles
 c - 2 bread rations
 k - a royal jelly
 n - a meat ration
 q - 2 chunks of flesh


   Skills:
 + Level 3.6 Fighting
 + Level 2.0 Axes
 * Level 2.0 Armour
 + Level 0.6 Dodging
 * Level 2.4 Invocations


You had 2 spell levels left.
You didn't know any spells.

Dungeon Overview and Level Annotations

Branches:
Dungeon (2/15)

Altars:

Annotations:
D:2 Natasha


Innate Abilities, Weirdness & Mutations

You have hooves in place of feet.
Armour fits poorly on your strangely shaped body.
You cover ground very quickly.
You have extremely tough skin. (AC +3)


Message History

Natasha is heavily wounded.
Natasha howls an incantation.
Natasha's front paws start to glow.
Natasha claws you.
You barely miss Natasha.
Natasha is heavily wounded.
Natasha claws you.
You barely miss Natasha.
Natasha is heavily wounded.
Natasha claws you.
* * * LOW HITPOINT WARNING * * *
Natasha stares at you and mumbles some strange words.
You resist with significant effort.
It was a potion of flight.
You feel very buoyant.
You fly up into the air.
Natasha claws you but does no damage.
It was a potion of might.
You feel very mighty all of a sudden. Natasha claws you.
You die...

#..........#
#........
#..........#
#..(.....
#..........#
#........ #........##
#.......[ #......##
#........ ####.##
#####.#.# ..# #.#.#
...#######.#
#####...# #....h@...#
#.......#
########..##
##.#####.#
####...###..# #.#
#..........######..
....................
...################..
## ###


You could see Natasha.

Vanquished Creatures
  Natasha (D:2)
  A dart slug (D:1)
  A giant cockroach (D:1)
  2 goblins (D:1)
  2 hobgoblins
  2 jackals (D:1)
  3 kobolds
  2 bats (D:1)
  A frilled lizard (D:1)
  4 rats (D:1)
19 creatures vanquished.

Notes
Turn   | Place    | Note
-------+----------+-------------------------------------------
     0 | Abyss:1  | Gargoyl the Centaur Abyssal Knight began the quest for the Orb.
     0 | Abyss:1  | Reached XP level 1. HP: 19/19 MP: 2/2
    11 | Abyss:1  | Found a shadowy altar of Dithmenos.
    42 | Abyss:1  | Found a shadowy altar of Dithmenos.
    46 | Abyss:1  | Noticed an ancient zyme
    72 | Abyss:1  | Found a corrupted altar of Lugonu.
   128 | Abyss:1  | Noticed a sixfirhy
   129 | D:1      | Escaped the Abyss
   209 | D:1      | Reached XP level 2. HP: 19/26 MP: 3/3
   467 | D:1      | Reached * piety under Lugonu
   810 | D:2      | Noticed Natasha
   815 | D:2      | Killed Natasha
   815 | D:2      | Reached XP level 3. HP: 31/31 MP: 4/4
   873 | D:2      | Noticed Natasha
   888 | D:2      | Slain by Natasha

Skill      XL: |  1  2 |
---------------+-------+-----
Axes           | 2 |  2.0
Armour         | 2 |  2.0
Fighting       | |  3.6
Dodging        | |  0.6
Invocations    | |  2.4

Action                   || total
-------------------------++-------
Melee: Hand axe          ||    43
       Kick              ||     1
Invok: Depart the Abyss  ||     1
  Use: Scroll            ||     5
       Potion            ||     2
Armor: Leather armour    ||    11
       Ring mail         ||     7
Dodge: Dodged            ||    18
Block: Buckler           ||     3
